 Dungeon Crawl Stone Soup version 0.31-a0-851-g7ff8af7976 (webtiles) character file.

Game seed: 3571329407827946811

6478 Ethylacetat the Mimic (level 11, -1/58 HPs)
             Began as a Vine Stalker Shapeshifter on Oct 7, 2023.
             Was an Initiate of Gozag.
             Slain by a gnoll sergeant
             ... wielding a +0 glaive
              (12 damage)
             ... in a bailey.
             The game lasted 00:19:40 (6694 turns).

Ethylacetat the Mimic (Vine Stalker Shapeshifter)   Turns: 6694, Time: 00:19:41

Health: -1/58      AC: 12    Str: 22    XL:     11   Next: 0%
Magic:  0/12       EV: 10    Int: 10    God:    Gozag
Gold:   1073       SH:  0    Dex: 13    Spells: 10/10 levels left

rFire   + . .        C - +7 staff of the Meek {protect, meekguard}
rCold   + . .        (shield currently unavailable)
rNeg    + . .        f - +2 chain mail {Will+}
rPois   +            j - -2 hat of the Alchemist {rElec rPois rF+ rC+ rN+ Will+ rMut rCorr}
rElec   +            (no cloak)
rCorr   +            (no gloves)
SInv    .            (no boots)
Will    +++..        g - amulet of regeneration Stlth
                     A - +4 ring of protection
HPRegen 1.89/turn    (no ring)
MPRegen 0.13/turn

%: resist mutation, guardian spirit
@: weakened, gold aura
A: fangs 3, regeneration 1, magic shield, antimagic bite, no potion heal 2
a: Renounce Religion, Potion Petition, Call Merchant, Bribe Branch


You were in a bailey.
You worshipped Gozag.
Gozag was most pleased with you.
You visited 1 branch of the dungeon, and saw 8 of its levels.
You also visited: Sewer, Ossuary and Bailey.

You collected 2300 gold pieces.
You spent 1227 gold pieces at shops.

Inventory:

Hand Weapons
 a - the +2 hammer of the Filigreed God {heavy, rPois rF++ rN++ Str-4}
   (You found it on level 3 of the Dungeon)

   Str-4:     It affects your strength (-4).
   rF++:      It greatly protects you from fire.
   rPois:     It protects you from poison rN++: It greatly protects you from
   negative energy.
 C - the +7 staff of the Meek (weapon) {protect, meekguard}
   (You found it on level 5 of the Dungeon)
Missiles
 o - 5 throwing nets
Armour
 f - a +2 chain mail of willpower (worn)
 j - the -2 hat of the Alchemist (worn) {rElec rPois rF+ rC+ rN+ Will+ rMut rCorr}
   (You bought it in a shop on level 7 of the Dungeon)

   rF+:       It protects you from fire.
   rC+:       It protects you from cold.
   rElec:     It insulates you from electricity.
   rPois:     It protects you from poison rN+: It protects you from negative
   energy.
   Will+:     It increases your willpower.
   rCorr:     It protects you from acid and corrosion.
   rMut:      It protects you from mutation.
Jewellery
 g - an amulet of regeneration (around neck)
 A - a +4 ring of protection (left hand)
Wands
 b - a wand of light (8)
 z - a wand of mindburst (4)
Scrolls
 l - 2 scrolls of fear
 p - 3 scrolls of enchant armour
 r - 2 scrolls of immolation
 u - 3 scrolls of teleportation
Potions
 c - 2 potions of haste
 e - 2 potions of berserk rage
 h - a potion of magic {unknown}
 i - 2 potions of mutation
 n - a potion of attraction {unknown}
 t - a potion of ambrosia {unknown}
 w - 6 potions of curing
 B - 2 potions of cancellation {unknown}
 D - 5 potions of brilliance


   Skills:
 + Level 7.5 Fighting
 + Level 5.5 Staves
 + Level 7.0 Dodging
 - Level 6.0 Unarmed Combat
 + Level 8.1 Shapeshifting


You had 10 spell levels left.
You didn't know any spells.
Your spell library contained the following spells:

 Spells                   Type           Power      Damage    Failure   Level
 Summon Small Mammal      Summ           0%         N/A       96%         1
 Poisonous Vapours        Pois/Air       0%         N/A       99%         2
 Call Canine Familiar     Summ           0%         N/A       100%        3
 Ignite Poison            Fire/Tmut/Pois 0%         N/A       100%        3
 Mephitic Cloud           Conj/Pois/Air  0%         N/A       100%        3
 Summon Guardian Golem    Hex/Summ       0%         N/A       100%        3
 Animate Armour           Summ/Erth      0%         N/A       100%        4
 Sticky Flame             Conj/Fire      0%         2d3       100%        4
 Freezing Cloud           Conj/Ice/Air   0%         6-21      100%        5
 Monstrous Menagerie      Summ           0%         N/A       100%        7
 Ignition                 Fire           0%         3d3       100%        8
 Polar Vortex             Ice            0%         N/A       100%        9


Dungeon Overview and Level Annotations

Branches:
Dungeon (8/15)             Temple (0/1) D:7            Lair (0/5) D:8
  Sewer (visited)         Ossuary (visited)          Bailey (1/1)

Altars:
Elyvilon
Gozag
Uskayaw

Shops:
D:1 [   D:2 *   D:7 [


Innate Abilities, Weirdness & Mutations

You have razor-sharp teeth.
Your natural rate of healing is unusually fast.
When hurt, damage is shared between your health and your magic reserves.
Your bite disrupts and absorbs the magic of your enemies.
Potions cannot restore your health.


Message History

The gnoll bouda barks out a call to the hunt!
The gnoll sergeant picks up the pace!
The wolf bites you but does no damage.
You barely miss the wolf. Your bite misses the wolf.
The wolf is almost dead.
The wolf bites you but does no damage.
The gnoll bouda hits you from afar with a +0 spear!
The wolf bites you but does no damage.
You closely miss the wolf. Your bite misses the wolf.
The wolf is almost dead.
The wolf bites you but does no damage. The gnoll bouda closely misses you.
The wolf bites you but does no damage.
Unknown command.
You closely miss the wolf. Your bite misses the wolf.
The wolf is almost dead.
The gnoll sergeant is no longer distracted by gold.
The wolf closely misses you. The gnoll bouda misses you.
The gnoll sergeant barely misses you.
You closely miss the wolf.
The wolf is almost dead.
The wolf bites you. The gnoll bouda completely misses you.
The wolf bites you but does no damage.
The gnoll sergeant hits you from afar with a +0 glaive!!
* * * LOW HITPOINT WARNING * * *
Okay, then.
Okay, then.
Aiming: Bolt of Light
Press: ? - help, Shift-Dir - straight line, f - gnoll sergeant
Aim: a gnoll sergeant, wielding a +0 glaive and wearing a +0 plate armour (covering ground quickly, 86% to hit)
The bolt of light hits the wolf!
You kill the wolf!
The bolt of light hits the gnoll sergeant!
The gnoll sergeant is severely wounded.
The gnoll sergeant is blinded.
The gnoll bouda gazes fiercely through you!
You feel your attacks grow feeble.
The gnoll bouda hits you but does no damage.
The gnoll sergeant hits you from afar with a +0 glaive!
You die...
Your body crumbles into a pile of gold.

♣≈.. ##...## #..≈..
♣≈..##+###.....######..≈?.
♣≈....).#.......#.).'..)..
♣≈....).'...8...)..)'...).
♣≈....).#.......#.).'.....
♣≈..##'###.....######..≈..
♣≈..#....##...## + #..≈..
♣≈. #...).#####...# #..≈..
♣≈ #....@$g'.....# #..≈..
♣≈ ##....$.#.....# #..≈.♣
##.8..g# ..8.# #..≈.♣
####### ####


You could see a gnoll sergeant (swift, blind) and a gnoll bouda.

Vanquished Creatures
  Pikel (D:4)
  The ghost of dertzug the Ruffian, a novice TrSh of Hepliaklqana (D:5)
  A gargoyle (D:6)
  3 yaks (D:8)
  5 wyverns
  A basilisk (D:8)
  Duvessa (D:4)
  6 water moccasins
  A black bear (D:4)
  An ice beast (D:5)
  An orc warrior (D:8)
  3 ogres
  A wolf (Bailey)
  2 lemures (D:4)
  2 phantoms
  4 kobold brigands
  3 scorpions
  4 gnoll sergeants (Bailey)
  A water moccasin zombie (Ossuary)
  10 wights
  Dowan (D:4)
  6 killer bees (D:7)
  6 hounds
  2 gnoll boudas (Bailey)
  An orc priest (D:3)
  Crazy Yiuf (D:3)
  Jessica (D:2)
  5 iguanas
  7 orc wizards
  A centaur simulacrum (D:5)
  A bullfrog simulacrum (D:5)
  A scorpion simulacrum (D:5)
  2 mummies (Ossuary)
  Robin (D:3)
  5 adders
  7 gnolls (Bailey)
  2 hound simulacra (D:5)
  3 white imps
  2 adder zombies (Ossuary)
  4 worms
  4 dart slugs
  25 orcs
  3 ball pythons
  10 endoplasms
  11 giant cockroaches
  5 gnoll zombies (Ossuary)
  18 goblins
  8 hobgoblins
  4 jackals
  42 kobolds
  4 quokkas
  7 bats
  4 frilled lizards
  5 hobgoblin zombies (Ossuary)
  8 kobold zombies (Ossuary)
  4 orc zombies (Ossuary)
  5 rats
278 creatures vanquished.

Notes
Turn   | Place    | Note
-------+----------+-------------------------------------------
     0 | D:1      | Ethylacetat the Vine Stalker Shapeshifter began the quest
                  | for the Orb.
     0 | D:1      | Reached XP level 1. HP: 9/9 MP: 2/2
    66 | D:1      | Reached skill level 1 in Fighting
   149 | D:1      | Reached XP level 2. HP: 14/14 MP: 3/3
   167 | D:1      | Found a faded altar of an unknown god.
   250 | D:1      | Prayed at the altar of an unknown god.
   250 | D:1      | Became a worshipper of Gozag Ym Sagoz the Greedy
   512 | D:1      | Got a parchment book
   600 | D:1      | Found Deocop's Armour Emporium.
   876 | D:2      | Found Esoofes's General Store.
   891 | D:2      | Reached XP level 3. HP: 16/18 MP: 2/4
  1021 | D:2      | Noticed Jessica
  1037 | D:2      | Killed Jessica
  1038 | D:2      | Reached XP level 4. HP: 14/23 MP: 2/5
  1797 | D:3      | Found an opulent altar of Gozag.
  1822 | D:3      | Reached XP level 5. HP: 11/26 MP: 3/6
  2177 | D:3      | Noticed Robin
  2210 | D:3      | Killed Robin
  2370 | D:3      | Identified the +4 ring mail of Devotion {rCorr}
  2637 | D:3      | Found a runed translucent door.
  2637 | D:3      | Identified the +2 hammer of the Filigreed God {heavy, rPois
                  | rF++ rN++ Str-4}
  2638 | D:3      | Noticed Crazy Yiuf
  2643 | D:3      | Killed Crazy Yiuf
  2644 | D:3      | Reached skill level 4 in Shapeshifting
  2644 | D:3      | Reached XP level 6. HP: 32/32 MP: 7/7
  2752 | D:4      | Noticed Pikel
  2786 | D:4      | Killed Pikel
  2787 | D:4      | Reached skill level 5 in Unarmed Combat
  2787 | D:4      | Reached XP level 7. HP: 27/37 MP: 4/8
  3034 | D:4      | Reached skill level 5 in Shapeshifting
  3034 | D:4      | Gained mutation: You have razor-sharp teeth. [Vine Stalker
                  | growth]
  3034 | D:4      | Reached XP level 8. HP: 42/42 MP: 9/9
  3120 | D:4      | Noticed Dowan
  3122 | D:4      | Noticed Duvessa
  3133 | D:4      | Killed Duvessa
  3138 | D:4      | Killed Dowan
  3448 | D:4      | Found a hide-covered altar of Uskayaw.
  3534 | D:5      | Entered Level 5 of the Dungeon
  3728 | D:5      | Found a glowing drain.
  3733 | D:5      | Found the +7 staff of the Meek {protect, meekguard}
  3759 | Sewer    | Entered a sewer
  3885 | D:5      | Found a runed translucent gate.
  3885 | D:5      | Found a runed translucent gate.
  3885 | D:5      | Found a runed translucent gate.
  3948 | D:5      | Found a sand-covered staircase.
  3956 | Ossuary  | Entered an ossuary
  4015 | Ossuary  | Reached skill level 5 in Fighting
  4015 | Ossuary  | Reached skill level 1 in Staves
  4015 | Ossuary  | Reached XP level 9. HP: 47/47 MP: 10/10
  4077 | Ossuary  | Reached skill level 6 in Shapeshifting
  4436 | D:5      | Noticed dertzug's ghost (novice TrSh)
  4492 | D:5      | Killed dertzug's ghost
  4493 | D:5      | Reached skill level 5 in Dodging
  4813 | D:6      | Noticed a gargoyle
  4817 | D:6      | Killed a gargoyle
  5502 | D:7      | Found Toaroody's Antique Armour Boutique.
  5521 | D:7      | Bought the -2 hat of the Alchemist {rElec rPois rF+ rC+ rN+
                  | Will+ rMut rCorr} for 1227 gold pieces
  5521 | D:7      | Found the -2 hat of the Alchemist {rElec rPois rF+ rC+ rN+
                  | Will+ rMut rCorr}
  5598 | D:7      | Reached skill level 7 in Shapeshifting
  5599 | D:7      | Reached XP level 10. HP: 41/53 MP: 5/11
  5840 | D:7      | Found a staircase to the Ecumenical Temple.
  6298 | D:8      | Found a white marble altar of Elyvilon.
  6332 | D:8      | Found a staircase to the Lair.
  6370 | D:8      | Reached skill level 5 in Staves
  6442 | D:8      | Reached skill level 8 in Shapeshifting
  6473 | D:8      | Found a flagged portal.
  6492 | Bailey   | Entered a bailey
  6685 | Bailey   | Reached XP level 11. HP: 26/58 MP: 5/12
  6694 | Bailey   | Slain by a gnoll sergeant

Illustrated notes

Levels and vault maps discovered:
D:1:      elethiomel_arrival_infinity_welcomes_careful_drivers,
          layout_loops_ring, ebering_ecumenical_altar_sacrificial, serial_shops,
          shop
D:2:      layout_basic, serial_shops, shop, serial_bayou_pond_a,
          nicolae_figureground_sparkle, uniq_jessica
D:3:      layout_loops_ring, lemuel_doored_altar, minmay_fractal_squares_5,
          uniq_crazy_yiuf_cottage, uniq_robin
D:4:      layout_loops_ring, mainiacjoe_overflow_alcove_1, uniq_pikel,
          uniq_duvessa
D:5:      layout_loops_ring, gammafunk_ghost_icy, cheibrodos_sewer_entry_sluice,
          lightli_ossuary_entry_decrepit_ruins
D:6:      kennysheep_kobold_camp, layout_cave_pools
D:7:      layout_loops_ring, minmay_temple_entry_enclosed_plants, serial_shops,
          shop
D:8:      layout_cave_pools, mainiacjoe_overflow_paths, minmay_lair_entry_grove,
          enter_bailey_5
Bailey:   bailey_polearm_gnolls_kennysheep, bailey

Skill      XL: |  1  2  3  4  5  6  7  8  9 10 |
---------------+-------------------------------+-----
Fighting       | 1 2 3 5 6 7 |  7.5
Dodging        | 2 3 4 5 7 |  7.0
Unarmed Combat | 4 5 6 |  6.0
Shapeshifting  | 4 5 7 8 |  8.1
Staves         | 1 3 5 |  5.5

Action                     |  1- 3 |  4- 6 |  7- 9 | 10-12 || total
---------------------------+-------+-------+-------+-------++-------
  Melee: Unarmed           |    57 |   168 |   140 |    10 ||   375
         Bite              |     6 |    33 |    72 |    63 ||   174
         Punch             |     1 |     3 |     2 |       ||     6
         Quarterstaff      |       |       |   128 |   215 ||   343
  Evoke: Wand              |       |       |       |    11 ||    11
    Use: Potion            |       |     1 |     2 |       ||     3
         Scroll            |       |       |     7 |     8 ||    15
   Stab: Sleeping          |     1 |       |       |       ||     1
         Distracted        |       |       |     1 |     2 ||     3
         Invisible         |       |       |       |     5 ||     5
 Armour: Animal skin       |    25 |    51 |       |       ||    76
         Ring mail         |       |    15 |   141 |    74 ||   230
         Skin              |       |    11 |       |     2 ||    13
         Chain mail        |       |       |       |   177 ||   177
  Dodge: Dodged            |    26 |    84 |   155 |   179 ||   444
         Form:             |       |       |     1 |     1 ||     2
         Flux              |       |       |     1 |       ||     1

Table legend: (Time is in decaauts)
 A = Elapsed time spent in this place.
 B = Non-inter-level travel time spent in this place.
 C = Inter-level travel time spent in this place.
 D = Time resting spent in this place.
 E = Time spent auto-exploring this place.
 F = Levels seen in this place.
 G = Mean time per level.
                   A        B        C        D        E       F      G
               +--------+--------+--------+--------+--------+-----+--------+
         Total |   6687 |   6438 |    249 |     20 |   4459 |  11 |  607.9 |
       Dungeon |   6236 |   5987 |    249 |     20 |   4252 |   8 |  779.5 |
         Sewer |     77 |     77 |      0 |      0 |      6 |   1 |   77.0 |
       Ossuary |    169 |    169 |      0 |      0 |     97 |   1 |  169.0 |
        Bailey |    203 |    203 |      0 |      0 |    104 |   1 |  203.0 |
               +--------+--------+--------+--------+--------+-----+--------+

Top non-repeatable levels by time:
     D:3: 1015 daAuts
     D:6: 896 daAuts
     D:2: 889 daAuts
     D:5: 831 daAuts
     D:1: 814 daAuts
     D:4: 792 daAuts
     D:7: 690 daAuts
     D:8: 306 daAuts
  Bailey: 203 daAuts
 Ossuary: 169 daAuts
   Sewer: 77 daAuts
